 Dungeon Crawl Stone Soup version 0.30-a0-743-gbfdf073431 (console) character file.

Game seed: 10335335124326965999

1309 rlgrobin the Summoner (level 8, 0/52 HPs)
             Began as a Demonspawn Summoner on Feb 6, 2023.
             Was a Follower of Uskayaw.
             Engulfed by a steam dragon's steam (7 damage)
             ... on level 6 of the Dungeon.
             The game lasted 00:10:31 (4572 turns).

rlgrobin the Summoner (Demonspawn Summoner)         Turns: 4572, Time: 00:10:32

Health: 0/52       AC:  7    Str:  9    XL:     8   Next: 32%
Magic:  11/18      EV: 22    Int: 19    God:    Uskayaw [*.....]
Gold:   309        SH:  0    Dex: 13    Spells: 11/20 levels left

rFire   . . .      SeeInvis .    a - +0 trident
rCold   . . .      Faith    .    (no shield)
rNeg    . . .      Spirit   .    g - +0 robe
rPois   .          Reflect  .    u - +1 helmet
rElec   +          Harm     .    (no cloak)
rCorr   .          Rampage  .    l - +0 pair of gloves
Will    +....                    (no boots)
Stlth   ++                       (no amulet)
HPRegen 0.28/turn                s - +5 ring of evasion
MPRegen 0.16/turn                v - +5 ring of evasion

@: no status effects
A: slimy green scales 1, ignite blood 1, spiny 2, strong-willed 1, screaming 1,
electricity resistance
a: Renounce Religion, Stomp


You were on level 6 of the Dungeon.
You worshipped Uskayaw.
Uskayaw was noncommittal.
You visited 2 branches of the dungeon, and saw 7 of its levels.

You collected 309 gold pieces.

Inventory:

Hand Weapons
 a - a +0 trident (weapon)
Armour
 g - a +0 robe (worn)
 l - a +0 pair of gloves (worn)
 u - a +1 helmet (worn)
Jewellery
 n - a ring of ice
 s - a +5 ring of evasion (left hand)
 v - a +5 ring of evasion (right hand)
Wands
 A - a wand of iceblast (4)
Scrolls
 c - a scroll of enchant armour {unknown}
 d - 4 scrolls of identify {unknown}
 f - 3 scrolls of teleportation {unknown}
 i - a scroll of magic mapping {unknown}
 k - a scroll of fog {unknown}
 m - 2 scrolls of poison {unknown}
 o - 2 scrolls of amnesia {unknown}
 p - a scroll of enchant weapon {unknown}
 q - a scroll of silence {unknown}
 r - 2 scrolls of immolation {unknown}
 t - a scroll of torment {unknown}
 y - 2 scrolls of fear {unknown}
 z - a scroll of noise {unknown}
Potions
 b - a potion of magic
 e - 3 potions of brilliance
 h - a potion of mutation


   Skills:
 - Level 1.7 Dodging
 - Level 1.7 Stealth
 + Level 6.8 Spellcasting
 + Level 8.3 Summonings


You had 11 spell levels left.
You knew the following spells:

 Your Spells              Type           Power      Damage    Failure   Level
a - Call Canine Familiar  Summ           38%        N/A       1%          3
b - Call Imp              Summ           38%        N/A       1%          2
c - Summon Small Mammal   Summ           100%       N/A       1%          1
d - Summon Guardian Gole  Hex/Summ       22%        N/A       5%          3

Your spell library contained the following spells:

 Spells                   Type           Power      Damage    Failure   Level
 Apportation              Tloc           12%        N/A       11%         1
 Beastly Appendage        Tmut           12%        N/A       11%         1
 Wereblood                Tmut           6%         N/A       16%         2
 Summon Lightning Spire   Summ/Air       22%        N/A       19%         4
 Spider Form              Tmut/Pois      6%         N/A       30%         3
 Vhi's Electric Charge    Tloc/Air       12%        N/A       30%         3
 Airstrike                Air            3%         2d(1-17)  71%         4
 Iskenderun's Mystic Bla  Conj/Tloc      6%         2d4       71%         4
 Alistair's Intoxication  Tmut/Pois      4%         N/A       96%         5
 Arcjolt                  Conj/Air       3%         1d13      96%         5
 Lightning Bolt           Conj/Air       3%         1d14      96%         5
 Disjunction              Tloc           3%         N/A       100%        8
 Maxwell's Capacitive Co  Air            3%         ∞         100%        8
 Necromutation            Tmut/Necr      3%         N/A       100%        8


Dungeon Overview and Level Annotations

Branches:
Dungeon (6/15)             Temple (1/1) D:6

Altars:
Ashenzari
Cheibriados
Dithmenos
Fedhas
Gozag
Hepliaklqana
Kikubaaqudgha
Makhleb
Nemelex Xobeh
Okawaru
Qazlal
Ru
Sif Muna
Trog
Uskayaw
Vehumet
Wu Jian
Xom
Yredelemnul

Shops:
D:4 (

Annotations:
D:6 Eustachio


Innate Abilities, Weirdness & Mutations

You are partially covered in slimy green scales. (AC +2)
Your demonic aura sometimes causes spilled blood to erupt in flames.
You are mostly covered in sharp spines.
You are strong-willed. (Will+)
You occasionally shout uncontrollably at your foes.
You are resistant to electric shocks. (rElec)


Message History

The orc warrior dies!
Your wolf bites the kobold.
Your crimson imp barely misses the kobold.
Your wolf bites the kobold.
The kobold dies!
Your crimson imp hits the orc priest.
Your wolf bites the orc priest.
The orc priest is engulfed in blazing flames.
You kill the orc priest!
Your crimson imp blinks!
The orc wizard hits your wolf but does no damage.
Your wolf barely misses the orc wizard.
Your wolf bites the orc wizard.
The orc wizard barely misses your wolf.
Your wolf bites the orc wizard!
Your wolf closely misses the orc wizard.
The orc wizard casts a spell.
The orc wizard flickers and vanishes!
Deactivating autopickup; reactivate with Ctrl-A.
Your wolf completely misses something.
The steam dragon breathes steam at you.
The ball of steam hits something!
Reactivating autopickup.
You feel a bit more experienced. The ball of steam misses you.
You are engulfed in a cloud of scalding steam.
Your wolf is engulfed in a cloud of scalding steam.
You are engulfed in a cloud of scalding steam.
The steam dragon breathes steam at you. The ball of steam hits your wolf!
The ball of steam misses you.
You are engulfed in a cloud of scalding steam.
Your wolf is engulfed in a cloud of scalding steam.
Your wolf dies!
Your wolf's corpse disappears in a puff of smoke!
Your crimson imp blinks!
The steam dragon breathes steam at you. The ball of steam hits you!
* * * LOW HITPOINT WARNING * * *
Casting: Call Canine Familiar (safe; 1% risk of failure)
Confirm with . or Enter, or press ? or * to list all spells.
You are engulfed in a cloud of scalding steam.
You die...

#.# ##.# #.#o##.#
#.###@.# .@.#)##.#
#.#.#.# #.#####)##.#
#.######.##.# #.#
#o##.# .....<.b.##.#
#.# #K##.#
#.######.##.# #.#
#.##.# #.##.# #.# #$#
#.##.######.# #.#
........§@D5#####)#
......§h...§...)).##.#
####.#...##....).....#
#......§.##########
##########


You could see a steam dragon (ally target), a friendly wolf (summoned) and a
friendly crimson imp (summoned).

Vanquished Creatures
  Maggie (D:6)
  A phantom (D:5)
  Blork the orc (D:6)
  A kobold brigand (D:6)
  A scorpion (D:6)
  A necrophage (D:5)
  A hound (D:5)
  An orc priest (D:6)
  2 iguanas (D:5)
  4 adders
  A worm (D:4)
  A dart slug (D:3)
  6 orcs
  4 endoplasms
  3 giant cockroaches (D:3)
  5 goblins
  A hobgoblin (D:3)
  6 jackals (D:4)
  2 quokkas
  4 ball pythons
  4 bats
  A frilled lizard (D:2)
  9 kobolds
  A rat (D:3)
62 creatures vanquished.

Vanquished Creatures (collateral kills)
  An orc warrior (D:6)
  A black bear (D:4)
  An ogre (D:4)
  A necrophage (D:6)
  A hound (D:5)
  A jelly (D:4)
  An orc priest (D:4)
  An orc wizard (D:5)
  A gnoll (D:1)
  3 adders
  A white imp (D:5)
  4 dart slugs
  4 orcs
  A bat (D:3)
  4 endoplasms
  3 goblins
  2 hobgoblins
  A jackal (D:4)
  2 kobolds
  A quokka (D:4)
  2 ball pythons
  2 frilled lizards
  2 rats
41 creatures vanquished.

Vanquished Creatures (others)
  An orc wizard (D:6)
  An orc (D:6)
2 creatures vanquished.

Grand Total: 105 creatures vanquished

Notes
Turn   | Place    | Note
-------+----------+-------------------------------------------
     0 | D:1      | rlgrobin the Demonspawn Summoner began the quest for the
                  | Orb.
     0 | D:1      | Reached XP level 1. HP: 13/13 MP: 3/3
    36 | D:1      | Gained mutation: You are partially covered in sharp spines.
                  | [demonic ancestry]
    36 | D:1      | Reached XP level 2. HP: 19/19 MP: 0/5
   182 | D:1      | Learned a level 2 spell: Call Imp
   778 | D:1      | Found a faded altar of an unknown god.
   783 | D:1      | Reached XP level 3. HP: 24/24 MP: 4/7
  1634 | D:3      | Reached XP level 4. HP: 30/30 MP: 6/8
  1759 | D:3      | Reached skill level 5 in Summonings
  1768 | D:3      | Learned a level 3 spell: Call Canine Familiar
  2090 | D:3      | Got the Handbook of the Switch and Peregrination
  2566 | D:4      | Found Guvutao's Antique Weapon Shoppe.
  2579 | D:4      | Gained mutation: You are partially covered in slimy green
                  | scales. (AC +2) [demonic ancestry]
  2579 | D:4      | Reached XP level 5. HP: 35/35 MP: 5/10
  2649 | D:4      | Found a burning altar of Makhleb.
  2812 | D:4      | Found a large runed translucent door.
  2812 | D:4      | Found a large runed translucent door.
  2976 | D:4      | Noticed a black bear
  2984 | D:4      | Killed a black bear
  2985 | D:4      | Reached skill level 6 in Summonings
  2985 | D:4      | Gained mutation: You are mostly covered in sharp spines.
                  | [demonic ancestry]
  2985 | D:4      | Reached XP level 6. HP: 40/41 MP: 9/12
  3038 | D:4      | Found a broken altar of Ashenzari.
  3231 | D:4      | Learned a level 3 spell: Summon Guardian Golem
  3238 | D:4      | Found a shimmering blue altar of Sif Muna.
  3246 | D:4      | Found an ornate altar of the Wu Jian Council.
  3287 | D:5      | Entered Level 5 of the Dungeon
  3337 | D:5      | Found an opulent altar of Gozag.
  3483 | D:5      | Gained mutation: You sometimes lose your temper in combat.
                  | [potion of mutation]
  3483 | D:5      | Gained mutation: You are partially covered in large bone
                  | plates. (SH +4) [potion of mutation]
  3492 | D:5      | Reached skill level 5 in Spellcasting
  3548 | D:5      | Lost mutation: You are partially covered in large bone
                  | plates. (SH +4) [potion of mutation]
  3548 | D:5      | Lost mutation: You sometimes lose your temper in combat.
                  | [potion of mutation]
  3548 | D:5      | Gained mutation: You are resistant to electric shocks.
                  | (rElec) [potion of mutation]
  3548 | D:5      | Gained mutation: You are strong-willed. (Will+) [potion of
                  | mutation]
  3548 | D:5      | Gained mutation: You occasionally shout uncontrollably at
                  | your foes. [potion of mutation]
  3583 | D:5      | Reached XP level 7. HP: 46/46 MP: 11/14
  3854 | D:5      | Reached skill level 7 in Summonings
  3943 | D:5      | Found a basalt altar of Yredelemnul.
  4033 | D:6      | Noticed Eustachio
  4087 | D:6      | Noticed Blork the orc
  4092 | D:6      | Killed Blork the orc
  4227 | D:6      | Found a staircase to the Ecumenical Temple.
  4236 | Temple   | Entered the Ecumenical Temple
  4304 | Temple   | Became a worshipper of Uskayaw the Reveller
  4426 | D:6      | Reached * piety under Uskayaw
  4484 | D:6      | Noticed Maggie
  4509 | D:6      | Reached ** piety under Uskayaw
  4512 | D:6      | Killed Maggie
  4513 | D:6      | Gained mutation: Your demonic aura sometimes causes spilled
                  | blood to erupt in flames. [demonic ancestry]
  4513 | D:6      | Reached XP level 8. HP: 37/52 MP: 13/17
  4513 | D:6      | Reached *** piety under Uskayaw
  4517 | D:6      | Reached **** piety under Uskayaw
  4518 | D:6      | Reached skill level 8 in Summonings
  4572 | D:6      | Engulfed by a steam dragon's steam

Illustrated notes

Levels and vault maps discovered:
D:1:      dpeg_arrival_long_road, layout_loops_cross,
          chequers_ecumenical_altar_lobes
D:2:      layout_basic
D:3:      layout_loops_ring, minmay_misc_feat_hallway, minmay_quadrilaterals
D:4:      layout_rooms, mainiacjoe_overflow_24_doors,
          gammafunk_temple_overflow_statue, jmf_multi_god_temple2, serial_shops,
          shop, ebering_dispersal_statue_hall
D:5:      layout_rooms, mainiacjoe_overflow_concentric_impassable,
          kennysheep_mini_moat
D:6:      layout_loops_ring, minmay_temple_entry_wispy, serial_shops,
          kennysheep_little_box, uniq_blork_the_orc, uniq_maggie, uniq_eustachio
Temple:   nicolae_temple_superstar

Skill      XL: |  1  2  3  4  5  6  7  8 |
---------------+-------------------------+-----
Spellcasting   | 3 4 5 6 |  6.8
Summonings     | 5 6 7 8 |  8.3
Dodging        | |  1.7
Stealth        | |  1.7

Action                     |  1- 3 |  4- 6 |  7- 9 || total
---------------------------+-------+-------+-------++-------
  Melee: Unarmed           |     2 |       |       ||     2
         Trident           |    26 |    70 |    39 ||   135
         Dagger            |     4 |       |       ||     4
         Punch             |     1 |     1 |       ||     2
   Cast: Summon Small Mamm |    12 |     1 |       ||    13
         Call Imp          |    12 |    14 |     6 ||    32
         Call Canine Famil |       |     9 |    10 ||    19
    Use: Potion            |       |     4 |     3 ||     7
   Stab: Sleeping          |     2 |     1 |       ||     3
         Distracted        |       |     2 |     1 ||     3
         Invisible         |       |       |     3 ||     3
         Paralysed         |       |       |     1 ||     1
 Armour: Robe              |     4 |    19 |     6 ||    29
  Dodge: Dodged            |    26 |    66 |    43 ||   135

Table legend: (Time is in decaauts)
 A = Elapsed time spent in this place.
 B = Non-inter-level travel time spent in this place.
 C = Inter-level travel time spent in this place.
 D = Time resting spent in this place.
 E = Time spent auto-exploring this place.
 F = Levels seen in this place.
 G = Mean time per level.
                   A        B        C        D        E       F      G
               +--------+--------+--------+--------+--------+-----+--------+
         Total |   4611 |   4413 |    198 |    610 |   2787 |   7 |  658.7 |
       Dungeon |   4460 |   4287 |    173 |    610 |   2682 |   6 |  743.3 |
        Temple |    150 |    125 |     25 |      0 |    105 |   1 |  150.0 |
               +--------+--------+--------+--------+--------+-----+--------+

Top non-repeatable levels by time:
     D:3: 944 daAuts
     D:1: 879 daAuts
     D:5: 783 daAuts
     D:2: 750 daAuts
     D:4: 735 daAuts
     D:6: 367 daAuts
  Temple: 150 daAuts
